Map: Rhoskallian LE

Players

qqq

  • Race: Zerg Zerg
  • Spawn Location: 6:00

Massa

  • Race: Terran Terran
  • League: Platinum
  • Spawn Location: 5:00

Patriot - Winner!

  • Race: Protoss Protoss
  • League: Diamond
  • Spawn Location: 12:00

IZRA - Winner!

  • Race: Protoss Protoss
  • Spawn Location: 11:00

VOD

Have the link to the VOD?

Description

Time

  • Played on: Nov. 2, 2020, 12:08 p.m.
  • Length: 9:51
Show
View Real Time Build Order
Export as new Build Order

qqq Zerg 

Build Orders: Hatch First 

Get SALT Encoding   

  12  0:00  Drone  
  13  0:09  Drone  
  14  0:37  Hatchery  
  13  0:44  Drone  
  13  0:48  Overlord  
  14  0:51  Extractor  
  14  0:55  Drone  
  14  1:16  Spawning Pool  
  13  1:20  Drone  
  14  2:04  Zergling x2  
  14  2:05  Zergling x4  
  14  2:06  Drone  
  14  2:07  Drone  
  18  2:49  Metabolic Boost  
  18  2:56  Drone x3  
  21  3:02  Drone x3  
  24  3:27  Hatchery  
  23  3:42  Drone x3  
  26  3:49  Overlord  
  26  3:51  Overlord  
  26  4:22  Lair  
  26  4:25  Spore Crawler  
  26  4:27  Extractor  
  20  4:36  Drone x3  
  22  4:41  Drone, Queen  
  23  4:50  Drone  
  24  5:00  Drone  
  24  5:01  Drone  
  26  5:12  Drone  
  26  5:13  Drone  
  28  5:15  Spore Crawler x2  
  24  5:44  Drone, Spire  
  24  5:49  Drone  
  25  6:03  Hatchery  
  24  6:09  Hatchery  
  22  6:21  Queen  
  24  6:36  Overlord  
  24  6:37  Overlord  
  24  6:59  Mutalisk x2  
  24  7:00  Mutalisk  
  30  7:05  Zerg Flyer Weapons Level 1  
  30  7:10  Spore Crawler  
  30  7:15  Drone  
  30  7:21  Drone  
  31  7:23  Queen  
  31  7:28  Mutalisk  
  35  7:34  Mutalisk  
  37  7:39  Drone  
  38  7:46  Spore Crawler  
  38  7:48  Drone  
  38  7:50  Drone  
  39  7:53  Drone  
  39  7:56  Drone  
  41  8:02  Mutalisk  
  41  8:13  Mutalisk  
  41  8:14  Spore Crawler  
  41  8:16  Drone  
  41  8:18  Drone  
  44  8:23  Mutalisk  
  46  8:28  Drone  
  46  8:29  Drone  
  48  8:34  Mutalisk  
  50  8:42  Overlord  
  46  9:08  Mutalisk x3  
  46  9:09  Drone x2  
Show
View Real Time Build Order
Export as new Build Order

Massa Terran 

Build Orders:  

Get SALT Encoding   

  12  0:00  SCV  
  13  0:12  SCV  
  14  0:22  Supply Depot  
  14  0:24  SCV  
  15  0:38  Refinery  
  15  0:44  SCV  
  15  0:47  Barracks  
  16  0:56  SCV  
  17  1:08  SCV  
  18  1:20  SCV  
  19  1:32  SCV  
  20  1:39  Command Center  
  20  1:48  Supply Depot  
  20  1:56  Reaper  
  21  2:02  Factory  
  21  2:13  Orbital Command  
  21  2:18  Barracks  
  21  2:28  Marine  
  22  2:39  Command Center  
  22  2:50  SCV  
  23  2:54  Factory Tech Lab  
  23  3:00  Supply Depot  
  23  3:02  Supply Depot  
  23  3:09  Barracks Tech Lab  
  23  3:11  Barracks Reactor  
  23  3:15  Supply Depot  
  23  3:44  Siege Tank  
  26  4:07  Marauder, Marine x2  
  30  4:25  Marine x2  
  30  4:29  Marauder  
  34  4:42  Siege Tank  
  34  4:43  Marine  
  34  4:44  Refinery  
  38  4:49  Command Center  
  38  4:50  Marauder  
  40  5:14  Engineering Bay  
  40  5:17  Cyclone  
  43  5:23  Orbital Command  
  42  5:40  Marine x3  
  45  5:49  Cyclone  
  48  5:50  Stimpack  
  48  5:57  Marine  
  48  5:58  Marine x2  
  51  6:06  Missile Turret  
  51  6:09  Missile Turret  
  51  6:11  Missile Turret  
  51  6:12  Missile Turret  
  51  6:13  Orbital Command  
  51  6:15  Marine, Missile Turret  
  52  6:19  Marine x2  
  52  6:21  Cyclone  
  52  6:25  SCV  
  58  6:37  SCV  
  43  6:50  Marine  
  43  6:51  Marine x2  
  35  7:08  Marine  
  35  7:09  Marine x2  
  38  7:22  Missile Turret  
  38  7:25  SCV, Missile Turret  
  38  7:26  Marine  
  38  7:27  Orbital Command, Marine  
  41  7:30  SCV  
  42  7:37  SCV  
  42  7:43  Combat Shield  
  43  7:44  Missile Turret  
  43  7:48  Missile Turret  
  43  7:55  SCV  
  44  7:59  Missile Turret  
  44  8:02  Missile Turret  
  44  8:16  SCV  
  44  8:17  SCV  
  44  8:18  SCV  
  47  8:24  Missile Turret  
  47  8:26  Missile Turret  
  47  8:28  SCV, Cyclone  
  47  8:30  SCV x2  
  47  8:31  Marine x3  
  56  8:39  Missile Turret  
  56  8:40  SCV  
  57  8:42  SCV x2  
  59  8:49  Marine  
  59  8:52  SCV  
  59  8:54  SCV  
  56  9:00  Siege Tank  
  46  9:16  Marauder, Marine  
  46  9:17  Marine  
  36  9:29  SCV  
Show
View Real Time Build Order
Export as new Build Order

Patriot Protoss - Winner!

Build Orders:  

Get SALT Encoding   

  12  0:03  Probe (Chrono Boost)  
  13  0:12  Probe (Chrono Boost)  
  14  0:19  Pylon  
  14  0:21  Probe  
  15  0:37  Probe  
  16  0:43  Forge  
  16  0:49  Probe  
  17  1:01  Probe (Chrono Boost)  
  18  1:13  Probe (Chrono Boost)  
  19  1:19  Probe (Chrono Boost)  
  20  1:27  Probe  
  20  1:28  Pylon  
  20  1:32  Pylon  
  21  1:39  Probe  
  22  1:46  Photon Cannon  
  22  1:47  Pylon  
  22  1:48  Pylon  
  22  1:53  Photon Cannon  
  22  2:00  Photon Cannon  
  22  2:17  Photon Cannon  
  22  2:23  Pylon  
  22  2:38  Gateway  
  22  2:55  Nexus  
  22  3:00  Probe (Chrono Boost)  
  22  3:02  Pylon  
  23  3:11  Probe (Chrono Boost)  
  24  3:16  Probe (Chrono Boost)  
  25  3:22  Photon Cannon  
  25  3:27  Probe  
  25  3:33  Photon Cannon  
  25  3:39  Probe  
  25  4:13  Pylon  
  24  4:40  Assimilator x2  
  24  4:46  Probe  
  24  4:47  Cybernetics Core  
  24  4:49  Probe  
  26  5:07  Probe  
  26  5:10  Probe  
  28  5:19  Probe  
  29  5:22  Probe  
  29  5:23  Warp Gate (Chrono Boost)  
  30  5:31  Probe  
  30  5:34  Probe  
  32  5:44  Probe  
  32  5:46  Probe  
  34  5:50  Twilight Council  
  34  5:56  Probe  
  35  5:58  Probe  
  35  5:59  Pylon  
  35  6:08  Probe  
  35  6:09  Pylon  
  35  6:10  Probe  
  37  6:12  Protoss Ground Weapons Level 1 (Chrono Boost)  
  37  6:20  Probe  
  37  6:22  Probe, Charge (Chrono Boost)  
  39  6:32  Probe  
  40  6:34  Probe, Gateway  
  40  6:37  Gateway  
  41  6:40  Assimilator  
  41  6:44  Probe, Assimilator  
  41  6:46  Probe  
  43  6:50  Gateway  
  43  6:54  Gateway  
  43  6:56  Probe  
  43  6:58  Gateway  
  43  6:59  Probe  
  45  7:02  Pylon  
  45  7:08  Probe  
  46  7:29  Templar Archives  
  46  7:30  Zealot  
  46  7:34  Pylon  
  48  7:38  Zealot  
  48  7:42  Gateway  
  50  7:46  Sentry  
  50  7:47  Psionic Storm  
  50  7:50  Zealot  
  50  7:51  Zealot  
  56  7:55  Zealot  
  58  7:58  Gateway  
  58  8:01  Zealot  
  60  8:12  Zealot x3  
  66  8:18  Pylon  
  66  8:19  Zealot  
  68  8:22  Zealot  
  70  8:34  Zealot  
  70  8:35  Zealot x2  
  70  8:37  Zealot  
  70  8:40  Pylon  
  70  8:41  Zealot  
  80  8:43  Zealot  
  76  9:09  High Templar  
  76  9:10  High Templar x5  
  76  9:11  High Templar  
  76  9:16  Archon x2  
  76  9:17  Archon  
  70  9:47  Zealot  
  70  9:48  Zealot x5  
  70  9:49  Zealot  
Show
View Real Time Build Order
Export as new Build Order

IZRA Protoss - Winner!

Build Orders:  

Get SALT Encoding   

  12  0:01  Probe (Chrono Boost)  
  13  0:10  Probe (Chrono Boost)  
  14  0:22  Pylon  
  14  0:23  Probe  
  15  0:40  Probe  
  15  0:41  Forge  
  16  0:48  Assimilator  
  16  0:53  Assimilator  
  16  0:56  Probe (Chrono Boost)  
  17  1:08  Probe (Chrono Boost)  
  18  1:15  Probe (Chrono Boost)  
  19  1:18  Photon Cannon  
  19  1:22  Probe  
  20  1:34  Probe  
  20  1:37  Gateway  
  21  1:47  Probe  
  22  1:59  Probe  
  23  2:22  Nexus  
  23  2:26  Assimilator  
  23  2:31  Assimilator  
  23  2:40  Cybernetics Core  
  23  2:45  Pylon  
  23  2:56  Pylon  
  23  3:03  Probe (Chrono Boost)  
  25  3:14  Probe (Chrono Boost)  
  25  3:18  Stargate  
  25  3:19  Probe (Chrono Boost)  
  25  3:21  Stargate  
  26  3:36  Probe (Chrono Boost)  
  28  3:44  Probe (Chrono Boost)  
  28  3:45  Probe (Chrono Boost)  
  29  3:51  Probe, Photon Cannon  
  29  3:53  Void Ray (Chrono Boost)  
  29  3:54  Probe  
  35  4:03  Probe  
  32  4:20  Void Ray (Chrono Boost)  
  32  4:21  Void Ray (Chrono Boost)  
  40  4:50  Probe (Chrono Boost), Void Ray  
  41  4:59  Probe (Chrono Boost)  
  46  5:04  Probe (Chrono Boost)  
  47  5:08  Void Ray  
  51  5:16  Probe  
  51  5:17  Probe  
  53  5:28  Probe  
  54  5:54  Pylon x3  
  54  6:06  Void Ray  
  54  6:12  Probe x2  
  54  6:14  Fleet Beacon  
  60  6:18  Pylon  
  60  6:19  Void Ray, Pylon  
  60  6:24  Probe x2  
  66  6:32  Protoss Air Weapons Level 1  
  66  6:36  Probe  
  59  7:04  Void Ray x2  
  63  7:22  Pylon  
  63  7:29  Probe  
  64  7:30  Probe  
  64  7:31  Flux Vanes  
  65  7:41  Probe  
  65  7:42  Probe  
  67  7:53  Probe  
  67  7:54  Probe  
  69  8:05  Probe  
  70  8:07  Probe  
  67  8:17  Probe  
  67  8:18  Photon Cannon  
  67  8:19  Probe  
  69  8:25  Void Ray x2  
  69  8:29  Nexus  
  69  8:30  Assimilator  
  69  8:31  Assimilator  
  77  8:37  Pylon  
  77  8:42  Pylon  
  57  9:19  Phoenix x2  
  61  9:31  Stargate  
  61  9:33  Stargate  
  61  9:35  Pylon x2  
  61  9:36  Pylon  
  61  9:37  Pylon  
  61  9:39  Pylon  
  61  9:43  Stargate  
  61  9:46  Stargate  
  61  9:47  Pylon  
Tags
 
Add a new tag
Caveats
  • Supply blocks, unpowered buildings, or Contaminate may cause inaccurate times.
  • Supply counts are checked every 10 seconds.